 Dungeon Crawl Stone Soup version 0.17-a0-1650-gce8475a (webtiles) character file.

2190 kae the Chiller (level 9, 0/57 HPs)
             Began as a Demonspawn Ice Elementalist on Aug 13, 2015.
             Was a Follower of Vehumet.
             Slain by a hippogriff (5 damage)
             ... on level 8 of the Dungeon.
             The game lasted 00:10:30 (9670 turns).

kae the Chiller (Demonspawn Ice Elementalist)       Turns: 9670, Time: 00:10:30

Health: 0/57       AC:  5    Str:  8    XL:     9   Next: 12%
Magic:  7/16       EV: 12    Int: 21    God:    Vehumet [*.....]
Gold:   417        SH:  0    Dex: 16    Spells: 3 memorised, 11 levels left

rFire  . . .     SeeInvis .     l - +1 whip
rCold  . . .     Clarity  .     a - +0 robe
rNeg   . . .     SustAt   .     (no shield)
rPois  .         Gourm    .     (helmet restricted)
rElec  .         Spirit   .     G - +1 cloak
rCorr  .         Warding  .     (no gloves)
rMut   .         Stasis   .     (no boots)
MR     .....                    (no amulet)
Stlth  +++++.....               H - ring of wizardry
                                w - +3 ring of dexterity

@: not resistant to hostile enchantments, quite stealthy
A: antennae 2, molten scales 1, nightstalker 3
a: Renounce Religion


You were on level 8 of the Dungeon.
You worshipped Vehumet.
Vehumet was aware of your devotion.
You were not hungry.

You visited 1 branch of the dungeon, and saw 8 of its levels.

You collected 417 gold pieces.

Inventory:

Hand weapons
 l - a +1 whip (weapon)
Missiles
 x - 2 throwing nets (quivered)
Armour
 a - a +0 robe (worn)
 G - a +1 cloak (worn)
Jewellery
 w - a +3 ring of dexterity (left hand)
 H - a ring of wizardry (right hand)
Magical devices
 e - a wand of frost (22)
 p - a wand of frost (20)
 v - a wand of fireball (10)
 C - a wand of cold (7)
Scrolls
 i - 2 scrolls of enchant weapon
 j - 3 scrolls of remove curse
 r - a scroll of blinking
 t - a scroll of amnesia
 u - 2 scrolls of teleportation
 y - a scroll of magic mapping
 z - a scroll of enchant armour {unknown}
Potions
 h - a potion of ambrosia {unknown}
 m - 2 potions of curing {unknown}
 n - a potion of berserk rage {unknown}
 o - 2 potions of might
 q - a potion of cancellation {unknown}
 s - a potion of mutation {unknown}
 A - a potion of agility {unknown}
 B - 2 potions of lignification
 D - a potion of brilliance {unknown}
 E - a potion of heal wounds {unknown}
Books
 b - a book of Frost

   Spells                             Type                      Level
   a - Freeze                         Ice                          1
   b - Throw Frost                    Conjuration/Ice              2
   c - Ozocubu's Armour               Charms/Ice                   3
   d - Throw Icicle                   Conjuration/Ice              4
   e - Summon Ice Beast               Ice/Summoning                4
   f - Condensation Shield            Ice                          4
Comestibles
 c - 7 bread rations
 d - a fruit
 f - 3 beef jerkies
 g - 2 royal jellies
 k - 4 meat rations
 F - a chunk of flesh


   Skills:
 - Level 1.7 Dodging
 - Level 1.7 Stealth
 + Level 5.2 Spellcasting
 * Level 7.4 Conjurations
 * Level 7.7 Ice Magic


You had 11 spell levels left.
You knew the following spells:

 Your Spells              Type           Power        Failure   Level  Hunger
a - Freeze                Ice            ####         1%          1    None
b - Throw Frost           Conj/Ice       #####.       1%          2    None
c - Throw Icicle          Conj/Ice       #####...     2%          4    ####...


Dungeon Overview and Level Annotations

Branches:
Dungeon (8/15)             Temple (0/1) D:6
   Lair: D:8-11

Altars:
Ashenzari
Cheibriados
Dithmenos
Gozag
Kikubaaqudgha
Okawaru
Vehumet
Xom

Shops:
D:6 %


Innate Abilities, Weirdness & Mutations

You have a pair of antennae on your head.
You are partially covered in molten scales (AC +1).
You are completely attuned to the shadows.


Message History

* * * LOW HITPOINT WARNING * * *
The hippogriff barely misses you. The hippogriff closely misses you.
Casting: Freeze
Confirm with . or Enter, or press ? or * to list all spells.
Aiming: Freeze
Press: ? - help, Shift-Dir - straight line, f/p - hippogriff
Aim: a hippogriff (severely wounded)
You freeze the hippogriff.
The hippogriff is almost dead.
The hippogriff barely misses you. The hippogriff misses you.
The hippogriff claws you but does no damage.
Casting: Freeze
Confirm with . or Enter, or press ? or * to list all spells.
Aiming: Freeze
Press: ? - help, Shift-Dir - straight line, f/p - hippogriff
Aim: a hippogriff (almost dead)
You freeze the hippogriff.
The hippogriff is almost dead.
The hippogriff bites you.
You die...

#### .%+#+##.# ..#
........# #.#
.......# ###.#
...H...######. #....
....@.........# #.#.#
......###.....###.#.#
..........##..#.#.#.#
......##......#.#.#.#
................#.#.#
#......#.....#.#
.......###.#.#.#
..........###.#
.>.#........<#


You could see a hippogriff.

Vanquished Creatures
  2 humans (D:7)
  A hippogriff (D:7)
  A black bear (D:6)
  An ogre (D:4)
  A sky beast (D:7)
  4 centaurs
  2 giant frogs
  A quasit (D:6)
  2 orc priests
  A jelly (D:8)
  A giant frog skeleton (D:7)
  An iguana (D:5)
  Ijyb (D:3)
  2 crimson imps
  2 hounds
  Terence (D:2)
  6 orc wizards
  8 worker ants
  A worker ant zombie (D:5)
  14 gnolls
  6 adders
  2 shadow imps (D:5)
  An adder skeleton (D:6)
  An adder zombie (D:5)
  A worm (D:3)
  7 giant geckos
  24 orcs
  9 bats
  4 giant cockroaches
  2 goblins
  4 hobgoblins
  9 jackals
  2 kobolds (D:1)
  2 quokkas
  2 ball pythons
  5 giant newts
  7 rats
141 creatures vanquished.

Notes
Turn   | Place    | Note
--------------------------------------------------------------
     0 | D:1      | kae the Demonspawn Ice Elementalist began the quest for the Orb.
     0 | D:1      | Reached XP level 1. HP: 13/13 MP: 3/3
   166 | D:1      | Reached skill level 3 in Ice Magic
   362 | D:1      | Gained mutation: You are partially covered in molten scales (AC +1). [demonic ancestry]
   362 | D:1      | Reached XP level 2. HP: 17/19 MP: 0/5
  1044 | D:2      | Gained mutation: You have a pair of small antennae on your head. [demonic ancestry]
  1044 | D:2      | Reached XP level 3. HP: 17/24 MP: 1/6
  1177 | D:2      | Learned a level 2 spell: Throw Frost
  1566 | D:2      | Noticed Terence
  1573 | D:2      | Killed Terence
  1573 | D:2      | Reached skill level 4 in Ice Magic
  1574 | D:2      | Reached XP level 4. HP: 23/30 MP: 2/7
  2007 | D:3      | Noticed Ijyb
  2031 | D:3      | Killed Ijyb
  2031 | D:3      | Reached XP level 5. HP: 12/35 MP: 0/9
  2822 | D:3      | Noticed a phantom
  2964 | D:4      | Learned a level 4 spell: Throw Icicle
  3468 | D:5      | Entered Level 5 of the Dungeon
  3805 | D:5      | Gained mutation: You are slightly more attuned to the shadows. [demonic ancestry]
  3805 | D:5      | Reached XP level 6. HP: 18/41 MP: 10/10
  4580 | D:5      | Found a radiant altar of Vehumet.
  4580 | D:5      | Found an opulent altar of Gozag.
  4896 | D:4      | Reached skill level 5 in Ice Magic
  5350 | D:5      | Found Vuczogu's Antique Weapon Emporium.
  5391 | D:5      | Gained mutation: You are significantly more attuned to the shadows. [demonic ancestry]
  5391 | D:5      | Reached XP level 7. HP: 39/46 MP: 6/12
  5870 | D:5      | Found an ancient bone altar of Kikubaaqudgha.
  6051 | D:5      | Found a snail-covered altar of Cheibriados.
  6054 | D:5      | Became a worshipper of Vehumet
  6140 | D:6      | Found Finat's Food Emporium.
  6157 | D:6      | Reached skill level 5 in Conjurations
  6530 | D:6      | Reached skill level 6 in Ice Magic
  6719 | D:6      | Found a staircase to the Ecumenical Temple.
  6833 | D:6      | Found a shadowy altar of Dithmenos.
  7016 | D:6      | Gained mutation: You are completely attuned to the shadows. [demonic ancestry]
  7016 | D:6      | Reached XP level 8. HP: 9/52 MP: 6/14
  7460 | D:7      | Acquired Vehumet's first power
  7460 | D:7      | Offered knowledge of Sandblast by Vehumet.
  7705 | D:7      | Found a shimmering altar of Xom.
  8675 | D:7      | Reached skill level 7 in Ice Magic
  8740 | D:7      | Found a shattered altar of Ashenzari.
  9011 | D:7      | Found an iron altar of Okawaru.
  9028 | D:7      | Reached skill level 5 in Spellcasting
  9035 | D:7      | Gained mutation: You have a pair of antennae on your head. [demonic ancestry]
  9035 | D:7      | Reached XP level 9. HP: 12/57 MP: 2/16
  9670 | D:8      | Slain by a hippogriff

Vault maps used:
D:1:      evilmike_arrival_hilbert_curve, roderic_lattice_a
D:2:      uniq_terence
D:3:      first_bread, uniq_iyjb
D:5:      nicolae_overflow_hidden_temple, serial_shops,
          nicolae_shop_overgrown_old_shop
D:6:      nicolae_dithmenos_shadow_blocks, temple_green, serial_shops,
          kennysheep_little_box, small_statue_intersection
D:7:      evilmike_ruin_ashenzari, tgw_xom, okawaru_humans

Action                   |  1- 3 |  4- 6 |  7- 9 || total
-------------------------+-------+-------+-------++-------
Melee: Unarmed           |    20 |       |       ||    20
       Whip              |     5 |    96 |    66 ||   167
       Dagger            |       |       |    19 ||    19
 Cast: Freeze            |    39 |   108 |   138 ||   285
       Throw Frost       |     2 |    22 |    20 ||    44
  Use: Scroll            |       |       |    13 ||    13
 Stab: Sleeping          |     1 |     3 |     8 ||    12
       Distracted        |       |     1 |       ||     1
  Eat: Chunk             |     1 |    14 |    11 ||    26
       Fruit             |       |     1 |     3 ||     4
